 Dungeon Crawl Stone Soup version 0.21-a0-401-g0b6bec4 (webtiles) character file.

361 butterbread the Digger (level 6, -1/49 HPs)
             Began as a Deep Dwarf Earth Elementalist on Oct 25, 2017.
             Slain by ontamu's ghost (15 damage)
             ... on level 4 of the Dungeon.
             The game lasted 01:31:12 (4343 turns).

butterbread the Digger (DDEE)                       Turns: 4343, Time: 01:31:12

Health: -1/49      AC:  5    Str: 11    XL:     6   Next: 38%
Magic:  1/6        EV: 12    Int: 18    God:
Gold:   98         SH:  0    Dex: 13    Spells: 2/8 levels left

rFire    + . .     SeeInvis .   v - +0 war axe
rCold    . . .     Gourm    .   (no shield)
rNeg     . . .     Faith    .   y - +1 leather armour
rPois    .         Spirit   .   (no helmet)
rElec    .         Reflect  .   h - +0 cloak {+Inv}
rCorr    .         Harm     .   (no gloves)
MR       .....                  (no boots)
Stlth    +++.......             (no amulet)
HPRegen  0.00/turn              j - ring of protection from fire
MPRegen  0.10/turn              (no ring)

@: very slightly contaminated, non-regenerating
A: damage resistance, heal wounds, sense surroundings 1, no regeneration
a: Heal Wounds, Evoke Invisibility


You were on level 4 of the Dungeon.
You were hungry.

You visited 1 branch of the dungeon, and saw 4 of its levels.

You collected 170 gold pieces.
You spent 72 gold pieces at shops.

Inventory:

Hand Weapons
 a - a +4 quarterstaff of chaos
 f - a +2 whip of pain
 i - a +0 mace
 t - a +0 dagger
 v - a +0 war axe (weapon)
 B - a +0 hunting sling
Missiles
 b - 16 stones (quivered)
 k - 29 arrows
 o - 7 tomahawks
 w - 18 bolts
Armour
 c - a +0 robe
 h - a +0 cloak of invisibility (worn)
 m - a +0 robe
 n - a +0 leather armour
 q - a +0 ring mail
 s - a +0 leather armour
 y - a +1 leather armour (worn)
Jewellery
 d - an uncursed amulet of regeneration
 j - a ring of protection from fire (left hand)
 x - an uncursed amulet of guardian spirit
Scrolls
 p - a scroll of blinking
 u - a scroll of fear
Potions
 g - a potion of curing
 F - 2 potions of mutation {unknown}
Books
 e - a book of Geomancy

   Spells                             Type                      Level
   a - Sandblast                      Earth                        1
   b - Passwall                       Transmutation/Earth          2
   c - Stone Arrow                    Conjuration/Earth            3
   d - Petrify                        Transmutation/Earth          4
   e - Lee's Rapid Deconstruction     Earth                        5
Comestibles
 l - a fruit
 r - a bread ration
 A - a meat ration
 C - 2 royal jellies


   Skills:
 + Level 0.0 Axes
 - Level 2.1 Dodging
 * Level 6.5 Stealth
 - Level 1.7 Spellcasting
 - Level 0.8 Transmutations
 * Level 7.3 Earth Magic


You had 2 spell levels left.
You knew the following spells:

 Your Spells              Type           Power        Failure   Level  Hunger
a - Sandblast             Erth           ####..       1%          1    #......
b - Passwall              Tmut/Erth      ###.......   7%          2    ###....
c - Stone Arrow           Conj/Erth      ##....       16%         3    ###....


Dungeon Overview and Level Annotations

Branches:
Dungeon (4/15)
 Temple: D:4-7

Altars:
Makhleb
Wu Jian
Yredelemnul

Shops:
D:4 *

Annotations:
D:4 ontamu's ghost, novice GnWn


Innate Abilities, Weirdness & Mutations

You are resistant to damage.
You can heal yourself by infusing magical energy.
You passively map a small area around you.
You do not regenerate.


Message History

You feel earthy. Ontamu's ghost hits you.
* * * LOW HITPOINT WARNING * * *
Casting: Sandblast
Confirm with . or Enter, or press ? or * to list all spells.
Aiming: Sandblast
Press: ? - help, Shift-Dir - straight line, f/p - ontamu's ghost
Aim: ontamu's ghost, wielding a weapon of electrocution (severely damaged)
The blast of sand hits ontamu's ghost.
Ontamu's ghost is almost destroyed.
b - 17 stones Ontamu's ghost closely misses you.
Casting: Sandblast
Confirm with . or Enter, or press ? or * to list all spells.
Aiming: Sandblast
Press: ? - help, Shift-Dir - straight line, f/p - ontamu's ghost
Aim: ontamu's ghost, wielding a weapon of electrocution (almost destroyed)
The blast of sand misses ontamu's ghost.
b - 16 stones Ontamu's ghost hits you.
You are electrocuted!
You die...

, ....., * ,* , , ....#* ,, , **
,....## * * * * #.... #.. ,
###### #..., * #.# .....#, *
,#..###### #.# .....+ * .
#........ #.# *
.....#####.###)#########.#
.....+.... #..(W@......#.#
.....##.###########.#..#'########
................................#
......8#8..#######..............#
......#)#..#######..............#
#####.8#8.......................#
..# #......#######.#............#
#.#####..#.# #.'............#
....# ##.#.# ###............#


You could see ontamu's ghost.

Vanquished Creatures
  The ghost of frosgods the Chopper, an amateur HOGl (D:3)
  A hound (D:3)
  Crazy Yiuf (D:2)
  An orc priest (D:2)
  A worker ant (D:4)
  4 adders
  2 worms
  A dart slug (D:3)
  2 leopard geckos
  3 orcs
  2 giant cockroaches
  11 hobgoblins
  3 jackals (D:1)
  9 kobolds
  A quokka (D:2)
  7 bats
  11 goblins
  3 rats
  2 fungi (D:2)
66 creatures vanquished.

Notes
Turn   | Place    | Note
-------+----------+-------------------------------------------
     0 | D:1      | butterbread the Deep Dwarf Earth Elementalist began the quest for the Orb.
     0 | D:1      | Reached XP level 1. HP: 15/15 MP: 3/3
   243 | D:1      | Reached XP level 2. HP: 22/22 MP: 4/4
   856 | D:1      | Reached XP level 3. HP: 25/28 MP: 2/4
   942 | D:1      | Reached skill level 5 in Earth Magic
  1026 | D:1      | Found a basalt altar of Yredelemnul.
  1154 | D:2      | Reached XP level 4. HP: 26/36 MP: 0/5
  2039 | D:2      | Found a burning altar of Makhleb.
  2039 | D:2      | Noticed a green death
  2444 | D:2      | Noticed a ynoxinul
  2444 | D:2      | Noticed a hellwing
  2754 | D:2      | Found a runed door.
  2758 | D:2      | Noticed Crazy Yiuf
  2772 | D:2      | Killed Crazy Yiuf
  2772 | D:2      | Reached skill level 5 in Stealth
  2978 | D:2      | Reached skill level 6 in Earth Magic
  3221 | D:3      | Noticed frosgods's ghost (amateur HOGl)
  3248 | D:3      | Killed frosgods's ghost
  3248 | D:3      | Reached XP level 5. HP: 17/42 MP: 0/6
  3248 | D:3      | Reached XP level 6. HP: 20/49 MP: 0/7
  3423 | D:3      | Reached skill level 7 in Earth Magic
  3678 | D:4      | Found an ornate altar of the Wu Jian Council.
  3690 | D:4      | Learned a level 2 spell: Passwall
  3694 | D:4      | Learned a level 3 spell: Stone Arrow
  4162 | D:4      | Found Koihuaha's Assorted Antiques.
  4176 | D:4      | Bought a scroll labeled SIBBUF TANITEN for 25 gold pieces
  4176 | D:4      | Bought an inky potion for 22 gold pieces
  4176 | D:4      | Bought a scroll labeled VYBREMOWIE for 25 gold pieces
  4320 | D:4      | Noticed ontamu's ghost (novice GnWn)
  4343 | D:4      | Slain by ontamu's ghost

Vault maps used:
D:1:      scummos_arrival_gate, kennysheep_flooded_box
D:2:      makhleb_altar_promises_db, uniq_crazy_yiuf_cottage
D:4:      nicolae_overflow_crystal_walls, serial_shops, shop_fountains,
          first_bread, minmay_statues_item

Skill      XL: |  1  2  3  4  5  6 |
---------------+-------------------+-----
Stealth        | 3 4 6 |  6.5
Earth Magic    | 5 6 7 |  7.3
Dodging        | |  2.1
Spellcasting   | |  1.7
Transmutations | |  0.8

Action                   |  1- 3 |  4- 6 || total
-------------------------+-------+-------++-------
Melee: Unarmed           |    16 |       ||    16
       Short sword       |    11 |     6 ||    17
       Dagger            |       |   145 ||   145
       War axe           |       |    14 ||    14
 Cast: Sandblast         |    38 |    47 ||    85
       Stone Arrow       |       |     2 ||     2
 Abil: Heal Wounds       |     2 |     1 ||     3
  Use: Scroll            |       |    14 ||    14
       Potion            |       |     9 ||     9
 Stab: Sleeping          |     1 |     3 ||     4
  Eat: Chunk             |     1 |     7 ||     8
       Bread ration      |       |     1 ||     1
Armor: Robe              |     8 |       ||     8
       Ring mail         |     2 |     1 ||     3
       Chain mail        |       |    34 ||    34
       Leather armour    |       |    13 ||    13
Dodge: Dodged            |    40 |    72 ||   112

Table legend:
 A = Spawn XP
 B = Non-spawn XP
 C = Spawn XP percentage of total XP
 D = Spawn monster count
 E = Non-spawn monster count
 F = Spawn count percentage of total count
 G = Total turns spent on level
                    A         B        C        D         E        F      G
               +---------+---------+-------+---------+---------+-------+---------
         Total |       0 |     517 |   0.0 |       0 |      64 |   0.0 |  4343
               +---------+---------+-------+---------+---------+-------+---------
           D:1 |       0 |      33 |   0.0 |       0 |      19 |   0.0 |  1351
           D:2 |       0 |     150 |   0.0 |       0 |      26 |   0.0 |  1878
           D:3 |       0 |     280 |   0.0 |       0 |      15 |   0.0 |   420
           D:4 |       0 |      54 |   0.0 |       0 |       4 |   0.0 |   694
               +---------+---------+-------+---------+---------+-------+---------
